 Dungeon Crawl Stone Soup version 0.28.0-53-g5a82cb258f (webtiles) character file.

Game seed: 17012825752440387901

1708927 fictitious the Phalangite (level 26, 253/253 HPs)
             Began as a Demonspawn Brigand on June 6, 2022.
             Was an Initiate of Yredelemnul.
             Escaped with the Orb
             ... and 3 runes on June 7, 2022!
             The game lasted 05:52:03 (66180 turns).

fictitious the Phalangite (Demonspawn Brigand)     Turns: 66180, Time: 05:52:04

Health: 253/253    AC: 26    Str: 33      XL:     26   Next: 43%
Magic:  38/38      EV: 31    Int: 23 (24) God:    Yredelemnul [......]
Gold:   3078       SH:  0    Dex: 27      Spells: 25/25 levels left

rFire   + . .      SeeInvis .   a - +6 bardiche "Teacren" {speed, rElec Int+8}
rCold   + . .      Faith    +   (shield currently unavailable)
rNeg    + . .      Spirit   .   l - +4 ring mail "Digogint" {Str+9}
rPois   +          Reflect  .   R - +2 hat "Cenir" {Str+3 Dex+4}
rElec   +          Harm     .   u - +2 cloak {rCorr}
rCorr   +          Rampage  +   E - +2 pair of gloves
Will    ++...      Rnd*Tele +   (boots unavailable)
Stlth   +.........              O - amulet of Uliecsis {Faith Rampage rN+ Regen+ Int+3}
HPRegen 1.32/turn               M - ring of protection from fire
MPRegen 0.26/turn               Z - +6 ring of dexterity

@: studying 2 skills
A: hooves 3, slimy green scales 3, hurl damnation, ignite blood 3, spiny 3,
torment resistance 1, demonic willpower, cold resistance 1, mutation resistance
1, robust 2, teleportitis 1, MP-powered wands
0: Orb of Zot
}: 3/15 runes: serpentine, barnacled, silver
a: Hurl Damnation, Renounce Religion, Recall Undead Harvest


You escaped.
You worshipped Yredelemnul.
Yredelemnul was greatly pleased with you.
You visited 9 branches of the dungeon, and saw 48 of its levels.
You visited the Abyss 2 times.
You visited 1 bazaar.

You collected 9174 gold pieces.
You spent 6096 gold pieces at shops.

Inventory:

Hand Weapons
 a - the +6 bardiche "Teacren" (weapon) {speed, rElec Int+8}
   (You bought it in a shop on level 2 of the Dungeon)

   Attacks with this weapon are significantly faster.
   Int:       It affects your intelligence (+8).
   rElec:     It insulates you from electricity.
 b - the +12 hunting sling "Hiashrir" {vorpal, rPois rN+}
   (You found it on level 15 of the Dungeon)

   Any ammunition fired from it inflicts extra damage upon your enemies.
   rPois:     It protects you from poison.
   rN:        It protects you from negative energy.
Missiles
 n - 289 sling bullets
 V - 7 throwing nets (quivered)
Armour
 l - the +4 ring mail "Digogint" (worn) {Str+9}
   (You found it on level 13 of the Dungeon)

   Str:       It affects your strength (+9).
 u - a +2 cloak of preservation (worn)
 E - a +2 pair of gloves (worn)
 R - the +2 hat "Cenir" (worn) {Str+3 Dex+4}
   (You bought it in a shop on level 2 of the Orcish Mines)

   Str:       It affects your strength (+3).
   Dex:       It affects your dexterity (+4).
 W - the +6 chain mail "Xitwonem" {Dex+4 Stlth+}
   (You bought it in a shop on level 4 of the Snake Pit)

   Dex:       It affects your dexterity (+4).
   Stlth:     It makes you more stealthy.
Jewellery
 e - a ring of positive energy
 j - the amulet "Opimnedd" {+Inv rC+ Regen+ Dex+4 Slay-4}
   (You bought it in a shop on level 2 of the Orcish Mines)

   [amulet of regeneration]

   Dex:       It affects your dexterity (+4).
   Slay:      It affects your accuracy & damage with ranged weapons and melee
   (-4).
   rC:        It protects you from cold.
   +Inv:      It lets you turn invisible.
   Regen:     It increases your rate of health regeneration.
 m - a ring of protection from fire
 o - a ring of protection from cold
 r - the ring of Pedum {rF+ rC- Slay+6}
   (You bought it in a shop on level 1 of the Snake Pit)

   [ring of protection from fire]

   Slay:      It affects your accuracy & damage with ranged weapons and melee
   (+6).
   rF:        It protects you from fire.
   rC:        It makes you vulnerable to cold.
 D - the ring of Shadows {Umbra +Inv Stlth+}
   (You took it off a tengu reaver on level 3 of the Depths)

   [ring of stealth]

   It surrounds you with an aura of shadow, increasing your stealth and reducing
   the accuracy of all others within it.
   +Inv:      It lets you turn invisible.
   Stlth:     It makes you more stealthy.
 M - a ring of protection from fire (left hand)
 N - an amulet of reflection
 O - the amulet of Uliecsis (around neck) {Faith Rampage rN+ Regen+ Int+3}
   (You took it off a deep elf high priest on level 3 of the Elven Halls)

   [amulet of faith]

   It allows you to gain divine favour quickly.
   Int:       It affects your intelligence (+3).
   rN:        It protects you from negative energy.
   Regen:     It increases your rate of health regeneration.
   Rampage:   It bestows one free step when moving towards enemies.
 T - a ring of flight
 U - a ring of willpower
 Y - a ring of the Octopus King {AC+1 EV+1 Str+1 Int+1 Dex+1 SInv}
   (You took it off a deep elf sorcerer on level 3 of the Elven Halls)

   [ring of see invisible]

   AC:        It affects your AC (+1).
   EV:        It affects your evasion (+1).
   Str:       It affects your strength (+1).
   Int:       It affects your intelligence (+1).
   Dex:       It affects your dexterity (+1).
   SInv:      It lets you see invisible.
 Z - a +6 ring of dexterity (right hand)
Wands
 v - a wand of mindburst (14)
 A - a wand of acid (10)
 B - a wand of iceblast (10)
 H - a wand of paralysis (24)
 I - a wand of digging (11)
Scrolls
 f - 4 scrolls of fog
 k - 15 scrolls of teleportation
 w - 8 scrolls of blinking {!r}
 z - 5 scrolls of magic mapping
 F - 5 scrolls of brand weapon {!r}
 J - 6 scrolls of enchant armour
 S - 6 scrolls of enchant weapon
 X - 4 scrolls of fear
Potions
 c - 2 potions of might
 g - 4 potions of ambrosia
 i - a potion of invisibility
 q - 8 potions of cancellation
 s - 2 potions of mutation {!q}
 t - 3 potions of magic
 x - 2 potions of heal wounds
 K - 2 potions of berserk rage
 P - 18 potions of curing
Miscellaneous
 h - a phantom mirror
 p - a condenser vane


   Skills:
 + Level 18.2 Fighting
 - Level 10.0 Short Blades
 - Level 24.0 Polearms
 - Level 11.9(12.0) Slings
 - Level 1.7(7.8) Throwing
 * Level 18.0 Armour
 - Level 20.0 Dodging
 - Level 6.2 Stealth
 - Level 0.7 Shields
 + Level 22.7 Invocations


You had 25 spell levels left.
You didn't know any spells.
Your spell library contained the following spells:

 Spells                   Type           Power      Damage    Failure   Level
 Beastly Appendage        Tmut           0%         N/A       19%         1
 Foxfire                  Conj/Fire      0%         2x1d4     19%         1
 Freeze                   Ice            0%         1d3       19%         1
 Magic Dart               Conj           0%         1d3       19%         1
 Sandblast                Erth           0%         2d4       19%         1
 Sting                    Tmut/Pois      0%         1d3       19%         1
 Summon Small Mammal      Summ           0%         N/A       19%         1
 Blink                    Tloc           0%         N/A       28%         2
 Call Imp                 Summ           0%         N/A       28%         2
 Corpse Rot               Necr/Air       0%         N/A       28%         2
 Passwall                 Tmut/Erth      0%         N/A       28%         2
 Poisonous Vapours        Pois/Air       0%         N/A       28%         2
 Scorch                   Fire           0%         2d5       28%         2
 Searing Ray              Conj           0%         2d4       28%         2
 Wereblood                Tmut           0%         N/A       28%         2
 Call Canine Familiar     Summ           0%         N/A       50%         3
 Conjure Flame            Conj/Fire      0%         6-21      50%         3
 Dazzling Flash           Conj/Hex       0%         N/A       50%         3
 Frozen Ramparts          Ice            0%         1d2       50%         3
 Gell's Gravitas          Tloc           0%         N/A       50%         3
 Ignite Poison            Fire/Tmut/Pois 0%         N/A       50%         3
 Inner Flame              Hex/Fire       0%         N/A       50%         3
 Lesser Beckoning         Tloc           0%         N/A       50%         3
 Mephitic Cloud           Conj/Pois/Air  0%         N/A       50%         3
 Ozocubu's Armour         Ice            0%         N/A       50%         3
 Portal Projectile        Hex/Tloc       0%         N/A       50%         3
 Spider Form              Tmut/Pois      0%         N/A       50%         3
 Stone Arrow              Conj/Erth      0%         3d7       50%         3
 Summon Guardian Golem    Hex/Summ       0%         N/A       50%         3
 Teleport Other           Tloc           0%         N/A       50%         3
 Airstrike                Air            0%         N/A       88%         4
 Animate Armour           Summ/Erth      0%         N/A       88%         4
 Animate Dead             Necr           0%         N/A       88%         4
 Cause Fear               Hex            0%         N/A       88%         4
 Dispel Undead            Necr           0%         3d6       88%         4
 Flame Wave               Conj/Fire      0%         2d4       88%         4
 Fulminant Prism          Conj/Hex       0%         3d6       88%         4
 Hailstorm                Conj/Ice       0%         3d3       88%         4
 Ice Form                 Ice/Tmut       0%         N/A       88%         4
 Iskenderun's Mystic Bla  Conj/Tloc      0%         2d3       88%         4
 Leda's Liquefaction      Hex/Erth       0%         N/A       88%         4
 Passage of Golubria      Tloc           0%         N/A       88%         4
 Sticky Flame             Conj/Fire      0%         2d3       88%         4
 Summon Lightning Spire   Summ/Air       0%         N/A       88%         4
 Agony                    Necr           0%         N/A       99%         5
 Lightning Bolt           Conj/Air       0%         1d11      99%         5
 Manifold Assault         Tloc           0%         N/A       99%         5
 Metabolic Englaciation   Hex/Ice        0%         N/A       99%         5
 Silence                  Hex/Air        0%         N/A       99%         5
 Summon Forest            Summ/Tloc      0%         N/A       99%         5
 Summon Mana Viper        Hex/Summ       0%         N/A       99%         5
 Dispersal                Tloc           0%         N/A       100%        6
 Simulacrum               Ice/Necr       0%         N/A       100%        6
 Starburst                Conj/Fire      0%         6d3       100%        6
 Summon Cactus Giant      Summ           0%         N/A       100%        6
 Haunt                    Necr/Summ      0%         N/A       100%        7
 Orb of Destruction       Conj           0%         9d5       100%        7
 Discord                  Hex            0%         N/A       100%        8
 Infestation              Necr           0%         N/A       100%        8
 Lehudib's Crystal Spear  Conj/Erth      0%         10d2      100%        8
 Chain Lightning          Conj/Air       0%         N/A       100%        9
 Dragon's Call            Summ           0%         N/A       100%        9
 Fire Storm               Conj/Fire      0%         5d1       100%        9
 Death Channel            Necr           Unusable   N/A       N/A         6

Dungeon Overview and Level Annotations

Branches:
Dungeon (15/15)            Temple (0/1) D:6            Lair (6/6) D:10
 Shoals (4/4) Lair:3        Snake (4/4) Lair:3        Slime (0/5) Lair:6
    Orc (2/2) D:10            Elf (3/3) Orc:2        Vaults (5/5) D:13
  Crypt (0/3) Vaults:2     Depths (4/4) D:15            Zot (5/5) Depths:4

Altars:
Cheibriados
Dithmenos
Fedhas
Hepliaklqana
Kikubaaqudgha
Makhleb
Nemelex Xobeh
Okawaru
Qazlal
Sif Muna
Uskayaw
Vehumet
Wu Jian
Yredelemnul
The Shining One
Beogh
Jiyva

Shops:
D:2 (   D:10 [   Orc:1 !   Orc:2 :*([   Snake:1 ==:   Snake:2 ?[?
Snake:4 (([(   Vaults:4 (   Depths:1 *

Portals:
Hell: Depths:1 Depths:2 Depths:3 Depths:4
Abyss: Depths:3
Pandemonium: Depths:1 Depths:2 Depths:4
Ziggurat: Depths:2
Trove: Depths:4 (give 18 potions of curing)

Annotations:
Snake:1 Roxanne
Elf:2 2 runed translucent doors
Depths:1 1 exclusion
Depths:2 exclusions: downstairs and 2 more exclusions
Zot:2 exclusions: zombie and 1 more exclusion
Zot:4 exclusion: upstairs


Innate Abilities, Weirdness & Mutations

You have hooves in place of feet.
You are completely covered in slimy green scales. (AC +4, rPois)
You can hurl damnation.
Your demonic aura causes all spilled blood to erupt in flames.
You are completely covered in sharp spines.
You are resistant to unholy torment.
You punish those that try to bend your will. (Will+)
Your flesh is cold resistant. (rC+)
You are somewhat resistant to further mutation.
You are very robust. (+20% HP)
You are occasionally teleported next to monsters.
You expend magic power (3 MP) to strengthen your wands.


Message History

The rock shatters into small pieces.
A Tzitzimitl is nearby!
There is a stone staircase leading up here.
You climb upwards.
There is a stone staircase leading down here.
(D) Dungeon (T) Temple (L) Lair (A) Shoals (P) Snake Pit (M) Slime Pits (O) Orcish Mines (E) Elven Halls (V) Vaults (C) Crypt (U) Depths (H) Hell (Z) Zot
Where to? (Enter - D:1 @ (x,y), ? - help) Magic restored.
There is a stone staircase leading up here.
You climb upwards.
There is a stone staircase leading down here.
A Qimouril, a tentacled monstrosity and a lich come into view.
Unknown command.
Press: ? - help, v - describe, . - travel
Here: Qimouril The floor.
Unknown command.
The lich shouts!
Really read
w - 9 scrolls of blinking {!r}?
Blink to where?
Press: ? - help, Dir - move target
As you read the scroll of blinking {!r}, it crumbles to dust.
There is a stone staircase leading up here.
You climb upwards.
There is a stone staircase leading down here.
(D) Dungeon (T) Temple (L) Lair (A) Shoals (P) Snake Pit (M) Slime Pits (O) Orcish Mines (E) Elven Halls (V) Vaults (C) Crypt (U) Depths (H) Hell (Z) Zot
Where to? (Enter - D:1 @ (x,y), ? - help)
You see here a +0 club.
There is a stone staircase leading up here.
You climb upwards.
There is a stone staircase leading down here.
There is a stone staircase leading down here.
There is a staircase leading out of the dungeon here.
You have escaped!

#....###.###............#####.#
#.##...........###............#
#.###...####...###.).........##
#.##...## ##..#.............#
..#..#.# #..#.#..........##
.......## ##.§..§§.........#
..≈≈≈≈..####..§§§≈..........#
.≈≈≈≈≈≈.....§≈§≈≈≈§.........#
.≈≈≈≈≈≈.....§≈≈§@≈≈.........#
.≈≈≈≈≈≈.....§§.≈≈§≈.#########
..≈≈≈≈........≈≈§≈..#
...................##
...............##.####
...###...............#
.#.###.............###
...................#
...............#####


There were no monsters in sight!

Vanquished Creatures
  3 ancient liches
  5 dread liches (Zot:5)
  5 orbs of fire
  A juggernaut (Depths:3)
  Boris (Vaults:3)
  Frederick (Vaults:4)
  2 curse toes (Zot:4)
  A Killer Klown (Zot:5)
  9 golden dragons
  A bone dragon (Depths:4)
  Jory (Vaults:5)
  Jorgrun (Orc:1)
  16 tentacled monstrosities
  2 liches
  4 titans
  13 Orb Guardians (Zot:5)
  2 deep elf blademasters
  Asterion (Elf:3)
  4 quicksilver dragons
  2 deep elf master archers (Elf:3)
  An Executioner (Abyss:4)
  12 death cobs
  A tentacled starspawn (Abyss:4)
  Frances (D:14)
  Polyphemus (Shoals:3)
  3 tengu reavers
  6 sphinxes
  Kirke (Elf:1)
  Ilsuiw (Shoals:3)
  A draconian monk (Depths:4)
  9 storm dragons
  6 shadow dragons
  Donald (Elf:3)
  5 frost giants
  4 fire giants
  A cacodemon (Depths:2)
  6 draconian knights
  3 nagarajas (Snake:4)
  19 vault wardens
  6 draconian scorchers
  8 deep elf elementalists
  3 draconian shifters
  2 orc warlords
  6 deep elf sorcerers
  3 ghost moths
  2 spectral tentacled monstrosities
  14 ironbound preservers
  5 draconian stormcallers
  6 stone giants
  6 draconian annihilators
  A reaper (Depths:3)
  5 ironbound thunderhulks
  6 war gargoyles
  2 vampire knights
  13 green draconians
  2 spriggan defenders
  14 very ugly things
  5 deep elf demonologists
  10 black draconians
  10 purple draconians
  16 red draconians
  8 white draconians
  6 deep elf annihilators
  10 dire elephants
  7 yellow draconians
  2 spark wasps (Depths:3)
  Snorg (Lair:4)
  12 ettins
  The ghost of mortz the Thaumaturge, a journeyman DrCj of Vehumet (Lair:4)
  3 deep elf death magi (Elf:3)
  6 merfolk impalers
  2 merfolk javelineers
  2 crystal guardians
  5 fire dragons
  4 great orbs of eyes
  5 deep elf high priests
  Josephine (Orc:1)
  12 yaktaur captains
  A boulder beetle (shapeshifter) (Vaults:5)
  6 boulder beetles
  7 naga warriors
  38 vault guards
  4 peacekeepers
  2 spectral
  Orb Guardians (Zot:5)
  8 hydras
  3 spriggan air magi
  5 catoblepae
  2 hell beasts
  An ogre mage (Vaults:5)
  2 rakshasas
  An anaconda (shapeshifter) (Elf:1)
  5 ice dragons
  3 merfolk avatars
  8 anacondas
  8 ironbound frosthearts
  12 centaur warriors
  3 salamander tyrants (Snake:4)
  An alligator snapping turtle (Shoals:3)
  3 satyrs
  A death yak (Shoals:3)
  3 two-headed ogres
  28 dancing weapons
  A merfolk aquamancer (Shoals:3)
  6 deep troll shamans
  7 thrashing horrors
  An orc high priest (Orc:2)
  A shock serpent (shapeshifter) (D:13)
  2 spriggan berserkers
  6 deep troll earth magi
  Nergalle (Orc:2)
  6 shock serpents
  11 naga sharpshooters
  5 soul eaters
  A sun demon (Depths:4)
  A hell knight (Depths:3)
  16 deep elf knights
  A wretched star (Abyss:4)
  3 salamander mystics
  2 sixfirhies
  8 iron trolls
  A spriggan rider (Depths:3)
  47 deep trolls
  2 glowing orange brains
  7 skeletal warriors
  12 sea snakes
  3 flayed ghosts
  20 ironbound convokers
  9 lindwurms
  5 naga ritualists
  9 wizards
  6 deep elf archers
  2 shadow demons
  23 harpies
  An obsidian statue (Zot:5)
  A lindwurm (shapeshifter) (Vaults:5)
  20 deep elf pyromancers
  8 orc knights
  An ugly thing zombie (Vaults:1)
  17 deep elf zephyrmancers
  4 phantasmal warriors
  32 ugly things
  2 orc sorcerers
  9 mana vipers
  12 manticores
  11 fauns
  29 moths of wrath
  7 cyclopes
  3 necromancers
  2 draconian zombies
  A stone giant skeleton (Vaults:3)
  10 salamanders
  35 black mambas
  2 guardian serpents
  An apocalypse crab (Abyss:4)
  4 elephants (Lair:6)
  A rust devil (Depths:4)
  A gargoyle (D:14)
  21 naga magi
  5 water nymphs
  10 cane toads
  16 vault sentinels
  6 merfolk sirens
  A smoke demon (Abyss:4)
  An orange demon (Depths:4)
  A spectral elephant (Lair:6)
  An unseen horror (D:11)
  A rime drake (Lair:4)
  Psyche (D:10)
  A black draconian zombie (Zot:3)
  A freezing wraith (Vaults:5)
  2 tengu conjurers (D:13)
  The ghost of KittyFluff the Cudgeller, a novice GrBe of Trog (D:3)
  2 green draconian zombies
  11 komodo dragons
  23 yaktaurs
  A tormentor (Zot:5)
  An ice devil (Depths:4)
  14 merfolk
  A red devil (Depths:2)
  5 trolls
  2 hellwings
  4 polar bears
  5 raiju
  2 meliai (shapeshifter)
  A hornet (Lair:5)
  7 wind drakes
  A merfolk (shapeshifter) (D:15)
  4 moth of wrath zombies
  A raiju (shapeshifter) (Elf:2)
  6 snapping turtles
  13 blink frogs
  19 slime creatures
  2 dream sheep (Shoals:2)
  A boulder beetle zombie (Lair:4)
  A flying skull (Vaults:4)
  2 air elementals (Elf:3)
  4 wraiths
  11 water elementals
  4 black mamba zombies
  A ynoxinul (Depths:4)
  A vampire (D:12)
  2 hogs (Elf:1)
  22 yaks
  19 humans
  A human (shapeshifter) (Elf:2)
  6 wyverns
  Grum (D:11)
  7 fire elementals
  Eustachio (D:6)
  9 basilisks
  A basilisk (shapeshifter) (Elf:1)
  8 vampire mosquitoes
  2 neqoxecs
  2 steam dragons
  20 nagas
  7 human zombies
  2 deep troll zombies
  6 wargs
  An acid dragon (D:10)
  3 large abominations (Abyss:4)
  30 water moccasins
  3 cane toad zombies
  A floating eye (shapeshifter) (Vaults:3)
  33 orc warriors
  Duvessa (D:6)
  2 sky beasts
  3 elf zombies
  An ice beast (D:4)
  2 black bears
  A human skeleton (Vaults:3)
  15 wolves
  3 blink frog zombies
  3 boggarts (D:15)
  7 ogres
  9 centaurs
  A phantom (D:5)
  A kobold brigand (D:7)
  3 yaktaur zombies
  A salamander zombie (Snake:3)
  A komodo dragon zombie (Lair:6)
  3 earth elementals
  A wyvern zombie (Lair:6)
  10 bullfrogs
  2 gnoll sergeants
  2 scorpions
  A water moccasin zombie (D:5)
  2 small abominations
  Dowan (D:6)
  A water moccasin skeleton (D:7)
  13 killer bees
  A yak zombie (Lair:4)
  8 wights
  An electric eel (Lair:2)
  A tengu zombie (D:13)
  2 wolf zombies
  4 howler monkeys
  2 starcursed masses (Abyss:4)
  2 bullfrog zombies
  4 centaur zombies
  12 orc priests
  4 hounds
  2 bullfrog skeletons
  An iguana (D:4)
  34 orc wizards
  A scorpion zombie (D:4)
  A naga zombie (Snake:4)
  A hound zombie (D:5)
  A howler monkey zombie (D:7)
  13 adders
  9 gnolls
  2 howler monkey skeletons
  A shadow imp (D:7)
  2 ufetubi (D:5)
  An adder zombie (D:4)
  3 worms (D:3)
  3 dart slugs
  69 orcs
  A bat skeleton (D:2)
  5 endoplasms
  3 giant cockroaches
  3 gnoll zombies
  6 goblins
  4 hobgoblins (D:2)
  4 quokkas
  3 ball pythons
  A ball python zombie (D:2)
  9 bats
  3 frilled lizards
  18 kobolds
  12 orc zombies
  4 rats
  4 starspawn tentacles (Abyss:4)
  2 tentacles (Shoals:3)
1746 creatures vanquished.

Vanquished Creatures (collateral kills)
  A dread lich (Zot:5)
  2 ancient liches (Zot:5)
  A Killer Klown (Zot:5)
  Nikola (Shoals:2)
  2 golden dragons
  4 tentacled monstrosities
  2 electric golems (Zot:5)
  Mlioglotl (Shoals:1)
  12 Orb Guardians (Zot:5)
  2 titans (Vaults:5)
  A quicksilver dragon (Zot:5)
  2 sphinxes (Vaults:5)
  A tentacled starspawn (Abyss:4)
  A kraken (Shoals:3)
  A nagaraja (Snake:2)
  3 tengu reavers
  A shadow dragon (Zot:2)
  3 storm dragons
  A fire giant (Depths:2)
  A draconian knight (Depths:4)
  3 frost giants
  7 vault wardens
  2 draconian shifters
  A balrug (Depths:1)
  A ghost moth (Zot:3)
  2 war gargoyles
  6 ironbound preservers
  A draconian annihilator (Zot:4)
  6 very ugly things
  4 stone giants
  A deep elf annihilator (Elf:3)
  2 red draconians
  5 black draconians
  7 white draconians
  3 dire elephants
  5 green draconians
  A purple draconian (Zot:4)
  A deep elf death mage (Elf:3)
  2 crystal guardians (Vaults:4)
  2 ettins
  3 fire dragons (Depths:4)
  A merfolk javelineer (Depths:4)
  2 great orbs of eyes
  2 merfolk impalers (Shoals:4)
  2 yaktaur captains
  2 deep elf high priests (Elf:3)
  A peacekeeper (Vaults:3)
  10 vault guards
  2 ice dragons (Depths:4)
  5 hydras
  7 naga warriors
  2 anacondas
  2 ironbound frosthearts
  An alligator snapping turtle (Shoals:4)
  2 merfolk aquamancers (Shoals:4)
  2 dancing weapons (Elf:2)
  A centaur warrior (Shoals:2)
  A catoblepas (D:13)
  A deep troll shaman (Depths:3)
  4 merfolk avatars
  A tengu warrior (Depths:4)
  2 deep troll earth magi
  4 death yaks
  2 shock serpents (Snake:4)
  2 iron trolls
  A deep elf knight (Elf:1)
  2 naga ritualists (Snake:2)
  A kraken simulacrum (Shoals:4)
  13 deep trolls
  6 sea snakes
  3 deep elf archers
  A glowing orange brain (Depths:3)
  7 ironbound convokers
  A lindwurm (Vaults:4)
  4 wizards
  8 harpies
  An orc knight (Orc:1)
  2 mana vipers
  A phantasmal warrior (Vaults:5)
  6 deep elf zephyrmancers
  3 deep elf pyromancers
  11 ugly things
  4 manticores
  A wolf spider (Lair:4)
  3 orc sorcerers
  7 fauns
  3 moths of wrath
  9 black mambas
  3 salamanders
  4 naga magi (Snake:4)
  Maurice (Orc:1)
  A guardian serpent (Snake:2)
  A torpor snail (Lair:4)
  6 vault sentinels
  2 smoke demons
  4 merfolk sirens
  7 elephants (Lair:6)
  A gargoyle (D:12)
  2 cane toads
  A water nymph (Shoals:1)
  2 komodo dragons
  9 yaktaurs
  An efreet (Depths:2)
  A rime drake (Lair:6)
  2 freezing wraiths
  7 merfolk
  A hornet (Lair:6)
  5 slime creatures
  2 wind drakes
  8 blink frogs
  8 snapping turtles
  An air elemental (Elf:2)
  A shadow (D:11)
  4 water elementals
  17 yaks
  A wraith (Orc:1)
  3 humans (D:13)
  A wyvern (Lair:6)
  A neqoxec (Abyss:4)
  A warg (Orc:2)
  8 nagas
  4 water moccasins
  7 orc warriors
  A tengu (shapeshifter) (Depths:4)
  An ogre (Orc:2)
  A boggart (D:15)
  5 wolves
  A bullfrog (D:9)
  3 orc priests
  An iguana (D:4)
  2 orc wizards
  A howler monkey skeleton (D:5)
  4 orcs
  3 tentacles
418 creatures vanquished.

Vanquished Creatures (others)
  A spectral juggernaut (Vaults:5)
  A draconian knight (Zot:5)
  2 spectral tentacled monstrosities
  2 spectral golden dragons
  7 very ugly thing zombies
  A quicksilver dragon zombie (Vaults:5)
  A spectral yellow draconian (Zot:2)
  12 spectral
  Orb Guardians (Zot:5)
  A spectral ettin (Vaults:4)
  2 storm dragon zombies
  A spectral sixfirhy (Abyss:4)
  A titan zombie (Vaults:5)
  A golden dragon zombie (Zot:5)
  2 spectral humans
  3 anaconda zombies
  A deep elf archer (Elf:3)
  A wizard (Vaults:3)
  A sphinx zombie (Vaults:5)
  2 shadow dragon zombies
  A frost giant zombie (Vaults:5)
  An ugly thing (Vaults:3)
  2 fire giant zombies
  2 stone giant zombies
  6 ugly thing zombies
  6 draconian zombies
  2 moths of wrath
  A spectral deep troll (Vaults:2)
  2 centaur zombies
  A shock serpent zombie (Snake:3)
  3 dire elephant zombies
  A minotaur zombie (Elf:3)
  A vault sentinel (Vaults:5)
  2 purple draconian zombies (Zot:1)
  A spectral manticore (Shoals:2)
  A spectral soul eater (Depths:1)
  A yellow draconian zombie (Zot:1)
  A catoblepas zombie (D:13)
  2 green draconian zombies
  A sea snake zombie (Shoals:4)
  3 red draconian zombies
  3 black draconian zombies
  2 spectral mana vipers
  4 harpy zombies
  12 merfolk zombies
  4 white draconian zombies
  5 moth of wrath zombies
  2 hydra zombies (Lair:6)
  3 ettin zombies (Vaults:5)
  A spectral komodo dragon (Lair:6)
  An ice dragon zombie (Depths:4)
  A satyr zombie (Shoals:4)
  2 fire dragon zombies
  A guardian serpent zombie (Snake:2)
  6 black mamba zombies
  A human (Elf:1)
  A wind drake zombie (Shoals:2)
  12 deep troll zombies
  A faun zombie (Shoals:2)
  2 spectral hellwings
  2 manticore zombies
  15 naga zombies
  4 elephant zombies (Lair:6)
  A lindwurm zombie (Vaults:5)
  2 blink frog zombies
  18 elf zombies
  2 hog zombies (Elf:1)
  A boggart (D:15)
  A rime drake zombie (Lair:6)
  2 salamander zombies
  A spectral neqoxec (Abyss:4)
  A spectral ynoxinul (Depths:4)
  3 komodo dragon zombies
  6 water moccasin zombies
  9 yaktaur zombies
  2 yak zombies
  2 polar bear zombies (Lair:6)
  3 raiju zombies
  2 wolf zombies
  3 basilisk zombies
  2 spectral boggarts (D:15)
  2 orc wizards
  4 killer bee zombies
  25 human zombies
  3 ogre zombies
  An orc (Orc:2)
  3 gnoll zombies (D:10)
  A goblin zombie (Elf:3)
  A kobold zombie (D:4)
  35 orc zombies
  A spectral ufetubus (D:5)
  A fire vortex (Depths:1)
  64 fungi
  175 plants
  7 starspawn tentacles (Abyss:4)
  6 tentacles
  A withered plant (D:2)
560 creatures vanquished.

Grand Total: 2724 creatures vanquished

Notes
Turn   | Place    | Note
-------+----------+-------------------------------------------
     0 | D:1      | fictitious the Demonspawn Brigand began the quest for the
                  | Orb.
     0 | D:1      | Reached XP level 1. HP: 16/16 MP: 1/1
   249 | D:1      | Gained mutation: You are partially covered in sharp spines.
                  | [demonic ancestry]
   249 | D:1      | Reached XP level 2. HP: 22/22 MP: 2/2
   724 | D:2      | Reached XP level 3. HP: 27/27 MP: 3/3
  1369 | D:2      | Found Coxutu's Antique Weapon Emporium.
  1402 | D:2      | Bought a glowing short sword for 114 gold pieces
  1536 | D:3      | Gained mutation: You are mostly covered in sharp spines.
                  | [demonic ancestry]
  1536 | D:3      | Reached XP level 4. HP: 33/33 MP: 4/4
  1851 | D:3      | Reached XP level 5. HP: 38/38 MP: 5/5
  2041 | D:3      | Found a faded altar of an unknown god.
  2240 | D:4      | Noticed an ogre
  2243 | D:4      | Killed an ogre
  2244 | D:4      | Reached skill level 5 in Short Blades
  2412 | D:4      | Reached XP level 6. HP: 44/44 MP: 6/6
  2465 | D:4      | Found a runed translucent gate.
  2465 | D:4      | Found a runed translucent gate.
  2465 | D:4      | Found a runed translucent gate.
  2465 | D:4      | Noticed KittyFluff's ghost (novice GrBe)
  2468 | D:4      | Found a basalt altar of Yredelemnul.
  2560 | D:4      | Became a worshipper of Yredelemnul the Dark
  2625 | D:4      | Reached skill level 1 in Dodging
  2625 | D:4      | Reached skill level 1 in Invocations
  2781 | D:4      | Noticed an ice beast
  2791 | D:4      | Killed an ice beast
  2792 | D:4      | Reached * piety under Yredelemnul
  2792 | D:4      | Reached skill level 1 in Armour
  3537 | D:5      | Entered Level 5 of the Dungeon
  3537 | D:5      | Noticed a water moccasin
  3583 | D:5      | Killed a water moccasin
  3584 | D:5      | Gained mutation: Your demonic aura sometimes causes spilled
                  | blood to erupt in flames. [demonic ancestry]
  3584 | D:5      | Reached XP level 7. HP: 23/51 MP: 8/8
  3960 | D:5      | Gained mutation: You have large cloven feet. [demonic
                  | ancestry]
  3960 | D:5      | Reached XP level 8. HP: 60/60 MP: 11/11
  3962 | D:5      | Reached ** piety under Yredelemnul
  4070 | D:5      | Found a hide-covered altar of Uskayaw.
  4705 | D:5      | Reached skill level 5 in Invocations
  4984 | D:6      | Noticed Eustachio
  5004 | D:6      | Killed Eustachio
  5520 | D:6      | Found a staircase to the Ecumenical Temple.
  5611 | D:6      | Noticed Duvessa
  5612 | D:6      | Noticed Dowan
  5623 | D:6      | Killed Duvessa
  5624 | D:6      | Killed Dowan
  5625 | D:6      | Gained mutation: You are partially covered in slimy green
                  | scales. (AC +2) [demonic ancestry]
  5625 | D:6      | Reached XP level 9. HP: 53/65 MP: 13/13
  6232 | D:7      | Found a snail-covered altar of Cheibriados.
  6492 | D:7      | Found a burning altar of Makhleb.
  6998 | D:8      | Reached skill level 5 in Dodging
  7084 | D:8      | Found a blossoming altar of Fedhas.
  7206 | D:8      | Reached skill level 5 in Armour
  7488 | D:8      | Found a sparkling altar of Nemelex Xobeh.
  7488 | D:8      | Found a hazy altar of Hepliaklqana.
  7589 | D:9      | Noticed a two-headed ogre
  7596 | D:9      | Killed a two-headed ogre
  7671 | D:9      | Reached XP level 10. HP: 56/71 MP: 14/16
  7764 | D:9      | Reached skill level 5 in Stealth
  7922 | D:2      | Bought a crystal bardiche for 266 gold pieces
  7922 | D:2      | Identified the +6 bardiche "Teacren" {speed, rElec Int+8}
                  | (You bought it in a shop on level 2 of the Dungeon)
  8353 | D:9      | Found a radiant altar of Vehumet.
  8735 | D:10     | Entered Level 10 of the Dungeon
  8873 | D:10     | Found a staircase to the Lair.
  8954 | D:10     | Noticed a two-headed ogre
  8965 | D:10     | Killed a two-headed ogre
  9123 | D:10     | Found Xynastra's Armour Shoppe.
  9272 | D:10     | Noticed Psyche
  9278 | D:10     | Killed Psyche
  9386 | D:10     | Found a shadowy altar of Dithmenos.
  9485 | D:10     | Found an iron altar of Okawaru.
  9726 | D:10     | Found a staircase to the Orcish Mines.
  9808 | Lair:1   | Entered Level 1 of the Lair of Beasts
  9844 | D:10     | Reached skill level 1 in Polearms
  9925 | Lair:1   | Noticed a seven-headed hydra
 10178 | D:11     | Reached skill level 2 in Polearms
 10178 | D:11     | Gained mutation: You are mostly covered in slimy green
                  | scales. (AC +3) [demonic ancestry]
 10178 | D:11     | Reached XP level 11. HP: 56/77 MP: 18/18
 10258 | D:11     | Noticed Grum
 10288 | D:11     | Killed Grum
 10289 | D:11     | Reached skill level 3 in Polearms
 10294 | D:11     | Reached skill level 10 in Short Blades
 10386 | D:11     | Reached skill level 4 in Polearms
 10771 | D:12     | Noticed a purple ugly thing
 10785 | D:12     | Killed a purple ugly thing
 10922 | D:10     | Bought a +1 helmet of intelligence for 280 gold pieces
 11018 | D:12     | Reached skill level 5 in Polearms
 11090 | D:12     | Noticed a deep elf pyromancer
 11103 | D:12     | Killed a deep elf pyromancer
 11104 | D:12     | Reached skill level 6 in Polearms
 11305 | D:12     | Noticed a two-headed ogre
 11319 | D:12     | Killed a two-headed ogre
 11320 | D:12     | Reached skill level 7 in Polearms
 11622 | D:12     | Reached skill level 8 in Polearms
 12079 | Orc:1    | Entered Level 1 of the Orcish Mines
 12082 | Orc:1    | Noticed Josephine
 12157 | Orc:1    | Found Xewuh's Distillery.
 12179 | Orc:1    | Noticed Jorgrun
 12223 | Orc:1    | Bought a potion of haste for 140 gold pieces
 12287 | Orc:1    | Killed Josephine
 12288 | Orc:1    | Reached *** piety under Yredelemnul
 12294 | Orc:1    | Reached skill level 9 in Polearms
 12345 | Orc:1    | Noticed Maurice
 12352 | Orc:1    | Killed Jorgrun
 12352 | Orc:1    | Noticed an orc knight
 12353 | Orc:1    | Reached XP level 12. HP: 47/83 MP: 15/19
 12359 | Orc:1    | Killed Maurice
 12368 | Orc:1    | Your ally Maurice died
 12370 | Orc:1    | Your ally Josephine died
 12379 | Orc:1    | Reached skill level 10 in Polearms
 12794 | Orc:2    | Entered Level 2 of the Orcish Mines
 12794 | Orc:2    | Noticed an orc warlord
 12907 | Orc:1    | Killed an orc warlord
 13039 | Orc:2    | Paralysed by an orc sorcerer for 3 turns
 13180 | Orc:2    | Cast into level 1 of the Abyss (orc warrior)
 13180 | Abyss:1  | Found a corrupted altar of Lugonu.
 13236 | Abyss:1  | Found a corrupted altar of Lugonu.
 13293 | Orc:2    | Escaped the Abyss
 13518 | Orc:2    | Reached skill level 5 in Fighting
 13527 | Orc:1    | Reached skill level 11 in Polearms
 13894 | Orc:2    | Noticed Nergalle
 13897 | Orc:2    | Noticed an orc high priest
 13898 | Orc:2    | Noticed an orc warlord
 13898 | Orc:2    | Killed Nergalle
 14409 | Orc:2    | Killed an orc high priest
 14495 | Orc:1    | Bought 2 potions of might for 112 gold pieces
 14495 | Orc:1    | Bought a potion of haste for 140 gold pieces
 14495 | Orc:1    | Bought a potion of curing for 42 gold pieces
 14554 | Lair:1   | Killed a seven-headed hydra
 14555 | Lair:1   | Reached skill level 12 in Polearms
 14602 | Lair:1   | Noticed a six-headed hydra
 14609 | Lair:1   | Killed a nine-headed hydra
 14650 | Lair:1   | Gained mutation: You are completely covered in slimy green
                  | scales. (AC +4, rPois) [demonic ancestry]
 14650 | Lair:1   | Reached XP level 13. HP: 95/95 MP: 20/20
 14943 | Lair:1   | Reached skill level 13 in Polearms
 16236 | Lair:3   | Found a staircase to the Snake Pit.
 16379 | Lair:3   | Identified the +1 leather armour of Subjectivity {Will+}
 16556 | Lair:3   | Reached **** piety under Yredelemnul
 16573 | Lair:3   | Reached ***** piety under Yredelemnul
 16622 | Lair:3   | You fall into a shaft and drop 1 floor!
 16622 | Lair:4   | Noticed Snorg
 16785 | Lair:3   | Found a staircase to the Shoals.
 17272 | Lair:4   | Reached skill level 14 in Polearms
 17447 | Lair:4   | Gained mutation: You have hoof-like feet. [demonic
                  | ancestry]
 17447 | Lair:4   | Reached XP level 14. HP: 108/108 MP: 21/21
 17454 | Lair:4   | Reached skill level 10 in Invocations
 17498 | Lair:4   | Noticed mortz's ghost (journeyman DrCj)
 17503 | Lair:4   | Found a transporter.
 17553 | Lair:4   | Found a transporter.
 17601 | Lair:4   | Killed Snorg
 18733 | Lair:5   | Identified a scroll of acquirement
 18734 | Lair:5   | Acquired a ring of flight
 18823 | Lair:5   | Found the +8 whip "Snakebite" {venom, curare, rPois}
 18832 | Lair:5   | Reached ****** piety under Yredelemnul
 19055 | Lair:5   | Found a burning altar of Makhleb.
 19402 | Lair:6   | Entered Level 6 of the Lair of Beasts
 19586 | Lair:6   | Reached skill level 15 in Polearms
 19672 | Lair:6   | Reached skill level 10 in Fighting
 19691 | Lair:6   | Found a viscous altar of Jiyva.
 19699 | Lair:6   | Found a staircase to the Slime Pits.
 20935 | Orc:1    | Gained mutation: You have hooves in place of feet. [demonic
                  | ancestry]
 20935 | Orc:1    | Reached XP level 15. HP: 101/115 MP: 22/24
 21145 | Orc:2    | Killed an orc warlord
 21165 | Orc:2    | Found Bekhlec's General Store.
 21177 | Orc:2    | Found Deykk's Antique Armour Shop.
 21313 | Orc:2    | Found Nempuhat's Book Shop.
 21404 | Orc:2    | Bought a faintly humming hat for 279 gold pieces
 21404 | Orc:2    | Identified the +2 hat "Cenir" {Str+3 Dex+4} (You bought it
                  | in a shop on level 2 of the Orcish Mines)
 21431 | Orc:2    | Found a staircase to the Elven Halls.
 21483 | Orc:2    | Found Elin's Antique Weapon Shop.
 21647 | Orc:2    | Bought an embroidered cloak for 232 gold pieces
 21675 | Orc:2    | Bought the amulet "Opimnedd" {+Inv rC+ Regen+ Dex+4 Slay-4}
                  | for 553 gold pieces
 21675 | Orc:2    | Bought a wand of digging (6) for 260 gold pieces
 21841 | Snake:1  | Entered Level 1 of the Snake Pit
 21958 | Snake:1  | Found Huxol's Jewellery Shoppe.
 21962 | Snake:1  | Found Daezeqowept's Book Shop.
 21963 | Snake:1  | Found Esetaum's Jewellery Shoppe.
 22259 | Snake:1  | Reached skill level 16 in Polearms
 22487 | Snake:1  | Identified Roxanne's Disquisition on Changing
 22487 | Snake:1  | Noticed Roxanne
 23309 | Snake:2  | Reached skill level 1 in Slings
 23318 | Snake:2  | Reached skill level 10 in Armour
 23673 | Snake:2  | Found Lifufog's Magic Scroll Boutique.
 23675 | Snake:2  | Found Boisemypsy's Antique Armour Shop.
 23677 | Snake:2  | Found Hatwarut's Magic Scroll Boutique.
 24297 | Snake:2  | Noticed a nagaraja
 24304 | Snake:2  | Killed a nagaraja
 24305 | Snake:2  | Reached XP level 16. HP: 122/122 MP: 21/26
 24936 | Snake:3  | Gained mutation: You are completely covered in sharp
                  | spines. [demonic ancestry]
 24936 | Snake:3  | Reached XP level 17. HP: 128/128 MP: 27/27
 25797 | Shoals:1 | Entered Level 1 of the Shoals
 25990 | Shoals:1 | Noticed Mlioglotl
 25997 | Shoals:1 | Killed Mlioglotl
 26938 | Shoals:1 | Reached skill level 10 in Dodging
 27129 | Snake:1  | Bought a ring of protection from fire for 275 gold pieces
 27176 | Snake:2  | Bought a scroll of fear for 38 gold pieces
 27200 | Snake:4  | Entered Level 4 of the Snake Pit
 27236 | Snake:4  | Found Emysuj Cue's Antique Weapon Boutique.
 27239 | Snake:4  | Found Titism's Armour Boutique.
 27239 | Snake:4  | Found Amap's Antique Weapon Shop.
 27242 | Snake:4  | Found Tewkeit's Weapon Shop.
 27278 | Snake:4  | Found a blossoming altar of Fedhas.
 28359 | Snake:4  | Got a serpentine rune of Zot
 28879 | D:3      | Killed KittyFluff's ghost
 29003 | D:5      | Found a shimmering blue altar of Sif Muna.
 29338 | D:13     | Reached XP level 18. HP: 112/134 MP: 28/28
 29410 | D:13     | Identified the +4 ring mail "Digogint" {Str+9}
 29545 | D:13     | Found the +6 shillelagh "Devastator" {shatter}
 29745 | D:13     | Identified the +5 ring mail of Qonwe {Int+2}
 29750 | D:13     | Identified the +0 leather armour of Purpose {Str+4 Dex+4
                  | Stlth+}
 29866 | D:13     | Found a gate to the Vaults.
 30385 | D:14     | Noticed Frances
 30487 | D:14     | Killed Frances
 30954 | D:14     | Found an ornate altar of the Wu Jian Council.
 31306 | D:15     | Entered Level 15 of the Dungeon
 31509 | D:15     | Identified the +12 hunting sling "Hiashrir" {vorpal, rPois
                  | rN+}
 31892 | D:15     | Found a staircase to the Depths.
 32206 | D:15     | Identified the +1 short sword of Poxzuc {vorpal, rPois rC+
                  | Stlth-}
 33306 | Shoals:2 | Noticed Nikola
 33321 | Shoals:2 | Killed Nikola
 34368 | Shoals:3 | Noticed Ilsuiw
 34385 | Shoals:3 | Killed Ilsuiw
 34390 | Shoals:3 | Reached skill level 15 in Invocations
 34400 | Shoals:3 | Noticed Polyphemus
 34413 | Shoals:3 | Your ally Ilsuiw died
 34417 | Shoals:3 | Killed Polyphemus
 35046 | Shoals:4 | Entered Level 4 of the Shoals
 35179 | Shoals:4 | Reached XP level 19. HP: 84/147 MP: 28/30
 35709 | Shoals:4 | Got a barnacled rune of Zot
 36335 | Shoals:4 | Found the +2 shield of Resistance {rF++ rC++ Will++}
 36938 | Snake:1  | Bought the ring of Pedum {rF+ rC- Slay+6} for 552 gold
                  | pieces
 37112 | Elf:1    | Entered Level 1 of the Elven Halls
 37276 | Elf:1    | Noticed Kirke
 37287 | Elf:1    | Killed Kirke
 37397 | Elf:1    | Got the Disquisition on the Entourage
 37585 | Elf:1    | Noticed Louise
 37593 | Elf:1    | Killed Louise
 37593 | Elf:1    | Enslaved Louise
 37593 | Elf:1    | Paralysed by an orc sorcerer for 7 turns
 38117 | Elf:2    | Found a large runed translucent door.
 38117 | Elf:2    | Found a large runed translucent door.
 38142 | Elf:2    | Found a large runed translucent door.
 38142 | Elf:2    | Found a large runed translucent door.
 38167 | Elf:2    | Found a runed translucent gate.
 38168 | Elf:2    | Found a runed translucent gate.
 38168 | Elf:2    | Found a runed translucent gate.
 38868 | Elf:2    | Your ally Louise died
 39095 | Elf:3    | Entered Level 3 of the Elven Halls
 39176 | Elf:3    | Found a flickering gateway to a bazaar.
 39210 | Bazaar   | Entered a bazaar
 39253 | Bazaar   | Found Dyhaw's Magic Scroll Boutique.
 39270 | Bazaar   | Found Ofocig's Weapon Boutique.
 39270 | Bazaar   | Found Seuqeoj's Jewellery Boutique.
 39299 | Bazaar   | Found Weexiumo's Distillery.
 39309 | Bazaar   | Bought a potion of berserk rage for 45 gold pieces
 39309 | Bazaar   | Bought a potion of heal wounds for 45 gold pieces
 39344 | Bazaar   | Bought a scroll of blinking for 75 gold pieces
 39344 | Bazaar   | Bought a scroll of enchant armour for 75 gold pieces
 39344 | Bazaar   | Bought a scroll of magic mapping for 35 gold pieces
 39344 | Bazaar   | Bought a scroll of fear for 35 gold pieces
 39448 | Elf:3    | Gained mutation: You punish those that try to bend your
                  | will. (Will+) [demonic ancestry]
 39448 | Elf:3    | Reached XP level 20. HP: 137/159 MP: 32/32
 39494 | Elf:3    | Paralysed by an air elemental for 1 turns
 39661 | Elf:3    | Noticed Donald
 39668 | Elf:3    | Killed Donald
 39733 | Elf:3    | Noticed Asterion
 39746 | Elf:3    | Killed Asterion
 39772 | Elf:3    | Reached skill level 17 in Polearms
 40098 | Elf:3    | Your ally Asterion died
 40158 | Elf:3    | Identified the amulet of Uliecsis {Faith Rampage rN+ Regen+
                  | Int+3}
 40447 | Elf:3    | Reached skill level 10 in Slings
 41225 | Elf:3    | Identified the +9 rapier "Widowermaker" {elec, rN++}
 41225 | Elf:3    | Found the ring of the Octopus King {AC+1 EV+1 Str+1 Int+1
                  | Dex+1 SInv}
 41306 | Elf:3    | Reached skill level 15 in Dodging
 41381 | Elf:3    | Identified the +4 ring mail of Igaryshro {Regen+}
 41407 | Elf:3    | Got the Disquisition on Fire and the Traveller
 41413 | Elf:3    | Identified the +9 mace of Eternal Harmony {drain, Fly rN+
                  | Dex+2}
 41419 | Elf:3    | Got the Guide on Changing and Attacks
 41494 | Elf:3    | Identified the +0 pair of boots of the Good {rN+ Str+3}
 41497 | Elf:3    | Got the Almanac of Dusty Arcane Weapons
 41895 | Elf:3    | Identified the +2 war axe of Devotion {spect, Drain Str+4
                  | Dex+4}
 41903 | Elf:3    | Identified the +7 spear of Fiarar {vorpal, rElec rPois
                  | Int+2}
 42657 | Vaults:1 | Entered Level 1 of the Vaults
 42949 | Snake:2  | Bought a scroll of acquirement for 884 gold pieces
 42949 | Snake:2  | Acquired a ring of willpower
 43323 | Vaults:1 | Reached skill level 15 in Fighting
 44567 | Vaults:2 | Gained mutation: You are resistant to unholy torment.
                  | [demonic ancestry]
 44567 | Vaults:2 | Reached XP level 21. HP: 164/169 MP: 33/33
 45321 | Vaults:2 | Reached skill level 18 in Polearms
 45402 | Vaults:2 | Found a staircase to the Crypt.
 45402 | Vaults:2 | Found a basalt altar of Yredelemnul.
 45403 | Vaults:2 | Found an ancient bone altar of Kikubaaqudgha.
 46023 | Vaults:3 | Noticed Boris
 46040 | Vaults:3 | Killed Boris
 47661 | Vaults:4 | Noticed Frederick
 47878 | Vaults:4 | Reached XP level 22. HP: 178/178 MP: 31/35
 47946 | Vaults:4 | Reached skill level 19 in Polearms
 48781 | Vaults:4 | Killed Frederick
 48834 | Vaults:4 | Cast into level 4 of the Abyss (vault warden)
 49124 | Vaults:4 | Escaped the Abyss
 49347 | Vaults:4 | Found Jauficib's Weapon Boutique.
 49801 | Depths:1 | Entered Level 1 of the Depths
 50086 | Depths:1 | Found a one-way gate leading to the halls of Pandemonium.
 50453 | Depths:1 | Found Tacw's Overcharged Wands.
 50752 | Depths:1 | Found a gateway to Hell.
 51007 | Depths:2 | Reached skill level 20 in Polearms
 51149 | Depths:2 | Identified the +7 lajatang "Leynly" {distort, rF+ Will++}
 51180 | Depths:2 | Identified the +7 shortbow of Neurosis {speed, Will+ Dex+4}
 51705 | Depths:2 | Noticed an ancient lich
 51706 | Depths:2 | Found a one-way gateway to a ziggurat.
 51706 | Depths:2 | Noticed an ancient lich
 52378 | Snake:4  | Bought the +6 chain mail "Xitwonem" {Dex+4 Stlth+} for 790
                  | gold pieces
 52463 | Snake:2  | Bought a scroll of magic mapping for 59 gold pieces
 52463 | Snake:2  | Bought a scroll of fog for 34 gold pieces
 52463 | Snake:2  | Bought a scroll of magic mapping for 59 gold pieces
 52467 | Snake:2  | Bought a scroll of blinking for 82 gold pieces
 52467 | Snake:2  | Bought a scroll of summoning for 104 gold pieces
 52467 | Snake:2  | Bought a scroll of summoning for 104 gold pieces
 52729 | Depths:3 | Found a one-way gate to the infinite horrors of the Abyss.
 52931 | Depths:3 | Identified the +1 rapier of Areoloc {vamp, rPois Str+8}
 53217 | Depths:3 | Noticed a juggernaut
 53230 | Depths:3 | Killed a juggernaut
 53230 | Depths:3 | Enslaved a juggernaut
 53307 | Depths:3 | Found a stormy altar of Qazlal.
 53512 | Depths:3 | Reached XP level 23. HP: 116/184 MP: 37/37
 53636 | Depths:3 | Noticed a juggernaut
 53645 | Depths:3 | Reached skill level 21 in Polearms
 53669 | Depths:3 | Killed a juggernaut
 53819 | Depths:3 | Identified the +3 scale mail "Omosmoiw" {Int+2 Dex+2}
 53847 | Depths:4 | Entered Level 4 of the Depths
 54292 | Depths:4 | Found a gate to the Realm of Zot.
 54307 | Depths:4 | Reached skill level 22 in Polearms
 54661 | Depths:4 | Found a portal to a secret trove of treasure.
 55194 | Lair:4   | Killed mortz's ghost
 55590 | Vaults:5 | Entered Level 5 of the Vaults
 55677 | Vaults:5 | Identified the ring of Yloyfais {rC+ Int+5 Dex-3}
 55690 | Vaults:5 | Reached skill level 23 in Polearms
 55778 | Vaults:5 | Noticed Jory
 55798 | Vaults:5 | Killed Jory
 55886 | Vaults:5 | Got a silver rune of Zot
 55970 | Vaults:5 | Identified the +1 chain mail of Beyond {rPois rF+ Int-2
                  | SInv}
 56144 | Vaults:5 | Identified the +7 great sword of Guinuh {vorpal, Dex+3}
 56146 | Vaults:5 | Identified the ring "Heufuqog" {Fire Will- Int+3}
 56296 | Vaults:5 | Found the +7 captain's cutlass {speed, disarm}
 56456 | Vaults:5 | Gained mutation: Your demonic aura often causes spilled
                  | blood to erupt in flames. [demonic ancestry]
 56456 | Vaults:5 | Reached XP level 24. HP: 191/191 MP: 37/37
 56574 | Vaults:5 | Reached skill level 24 in Polearms
 56585 | Vaults:5 | Noticed an ancient lich
 56597 | Vaults:5 | Killed an ancient lich
 56940 | Vaults:5 | Identified the ring "Hehaorph" {Wiz rC+}
 57896 | Snake:1  | Bought a ring of protection from fire for 275 gold pieces
 58208 | Zot:1    | Entered Level 1 of the Realm of Zot
 58903 | Zot:1    | Reached skill level 15 in Armour
 59902 | Zot:2    | Noticed an orb of fire
 59921 | Zot:2    | Gained mutation: You sometimes lose the ability to read
                  | scrolls when taking damage. [an orb of fire]
 59922 | Zot:2    | Killed an orb of fire
 59927 | Zot:2    | Gained mutation: You can hurl damnation. [demonic ancestry]
 59927 | Zot:2    | Reached XP level 25. HP: 145/199 MP: 37/37
 59931 | Zot:2    | Lost mutation: You sometimes lose the ability to read
                  | scrolls when taking damage. [potion of mutation]
 59931 | Zot:2    | Gained mutation: You have a pair of small antennae on your
                  | head. [potion of mutation]
 59931 | Zot:2    | Gained mutation: Your flesh is cold resistant. (rC+)
                  | [potion of mutation]
 59931 | Zot:2    | Gained mutation: You are robust. (+10% HP) [potion of
                  | mutation]
 60303 | Orc:1    | Bought a potion of mutation for 112 gold pieces
 60874 | Zot:2    | You fall into a shaft and drop 2 floors!
 61014 | Zot:2    | Noticed an orb of fire
 62766 | Zot:5    | Entered Level 5 of the Realm of Zot
 63336 | Zot:5    | Noticed an ancient lich
 63362 | Zot:5    | Killed an ancient lich
 63444 | Zot:5    | Killed a dread lich
 63459 | Zot:5    | Noticed an ancient lich
 63460 | Zot:5    | Noticed an orb of fire
 63461 | Zot:5    | Noticed an ancient lich
 63462 | Zot:5    | Noticed an orb of fire
 63464 | Zot:5    | Gained mutation: Armour fits poorly on your strangely
                  | shaped body. [an orb of fire]
 63467 | Zot:5    | Noticed an orb of fire
 63467 | Zot:5    | Gained mutation: You are occasionally teleported next to
                  | monsters. [an orb of fire]
 63476 | Zot:5    | Noticed a dread lich
 63478 | Zot:5    | Gained mutation: You are strong-willed. (Will+) [an orb of
                  | fire]
 63482 | Zot:5    | Killed an orb of fire
 63489 | Zot:5    | Killed an orb of fire
 63496 | Zot:5    | Killed an ancient lich
 63499 | Zot:5    | Gained mutation: You are clumsy. (Dex -2) [an orb of fire]
 63503 | Zot:5    | Killed an ancient lich
 63527 | Zot:5    | Gained mutation: You are very robust. (+20% HP) [an orb of
                  | fire]
 63529 | Zot:5    | Killed an orb of fire
 63626 | Zot:4    | Lost mutation: Your flesh is cold resistant. (rC+) [potion
                  | of mutation]
 63626 | Zot:4    | Lost mutation: You have a pair of small antennae on your
                  | head. [potion of mutation]
 63626 | Zot:4    | Gained mutation: You are extremely robust. (+30% HP)
                  | [potion of mutation]
 63627 | Zot:4    | Lost mutation: Armour fits poorly on your strangely shaped
                  | body. [potion of mutation]
 63627 | Zot:4    | Lost mutation: You are clumsy. (Dex -2) [potion of
                  | mutation]
 63627 | Zot:4    | Lost mutation: You are strong-willed. (Will+) [potion of
                  | mutation]
 63627 | Zot:4    | Gained mutation: You expend magic power (3 MP) to
                  | strengthen your wands. [potion of mutation]
 63627 | Zot:4    | Gained mutation: Your flesh is cold resistant. (rC+)
                  | [potion of mutation]
 63627 | Zot:4    | Lost mutation: You are extremely robust. (+30% HP) [potion
                  | of mutation]
 63627 | Zot:4    | Gained mutation: You are somewhat resistant to further
                  | mutation. [potion of mutation]
 63645 | Zot:5    | Killed a dread lich
 63681 | Zot:5    | Noticed a Killer Klown
 63684 | Zot:5    | Noticed an ancient lich
 63706 | Zot:5    | Killed an ancient lich
 63711 | Zot:5    | Noticed a dread lich
 63712 | Zot:5    | Killed a Killer Klown
 63719 | Zot:5    | Killed a dread lich
 63720 | Zot:5    | Gained mutation: Your demonic aura causes all spilled blood
                  | to erupt in flames. [demonic ancestry]
 63720 | Zot:5    | Reached XP level 26. HP: 231/252 MP: 38/38
 63743 | Zot:5    | Noticed a dread lich
 63751 | Zot:5    | Killed a dread lich
 63935 | Zot:5    | Noticed a dread lich
 63940 | Zot:5    | Noticed a dread lich
 63943 | Zot:5    | Killed a dread lich
 63958 | Zot:5    | Killed a dread lich
 64038 | Zot:5    | Noticed an orb of fire
 64056 | Zot:5    | Killed an orb of fire
 65536 | Zot:5    | Got the Orb of Zot
 65768 | Depths:2 | Noticed Jiavues the pandemonium lord
 66123 | D:3      | Noticed Qimouril the pandemonium lord
 66180 | D:$      | Escaped with the Orb!

Illustrated notes

Levels and vault maps discovered:
D:1:      dpeg_arrival_pits, layout_rooms, hangedman_decor_slide_cut
D:2:      layout_rooms, serial_shops, shop, serial_undead, serial_undead_d,
          serial_undead_c, serial_undead_a, serial_undead_f, chequers_jeans,
          amethyst_killhole
D:3:      layout_rooms, shapermc_ecumenical_altar_petra, minmay_misc_feat_cross
D:4:      layout_cave_pods, nicolae_yredelemnul_ghost_church,
          nicolae_concentric_dashed_squares_wild
D:5:      layout_basic, tgw_sif, mainiacjoe_overflow_concentric_impassable
D:6:      layout_loops_corners, minmay_temple_entry_large_hall,
          minmay_misc_feat_tiny, uniq_duvessa, uniq_eustachio
D:7:      layout_loops_corners, kennysheep_slug_shrine, lightli_temple_of_fire,
          minmay_holes
D:8:      layout_gridville, overflow_temple_1_default, minitemple
D:9:      layout_roguey, overflow_temple_1_default
D:10:     layout_roguey, mainiacjoe_overflow_six_doors_small, okawaru_humans,
          dpeg_oklobed_lair, hiddenorc1_lemuel, serial_shops,
          nicolae_shop_waterfront, uniq_psyche
D:11:     layout_basic, uniq_grum
D:12:     layout_loops_corners
D:13:     minmay_roctagon, layout_cave_pods, grunt_vaults_entry_tiered
D:14:     layout_layer_cave, nicolae_wu_jian_wuxing_cycle, uniq_frances
D:15:     gammafunk_enter_depths_forms, layout_cave_pools, minmay_misc_feat_chi
Lair:1:   layout_misc_corridors, cheibrodos_lair_reptile_den, grunt_megastairs_4
Lair:2:   layout_roguey, grunt_megastairs_5, serial_bayou_shore_a,
          infiniplex_staircase_pool
Lair:3:   layout_long_grid, shoals_dummy_entry,
          minmay_snake_entry_six_corridors, kennysheep_catoblepas_arena
Lair:4:   layout_layer_cave, gammafunk_ghost_arena, uniq_snorg
Lair:5:   minmay_guarded_unrand_snakebite, layout_loops_ring, st_stairs_7,
          lemuel_centaur_altar, grunt_megastairs_2, lemuel_fruit_tree
Lair:6:   gammafunk_lair_ancient_temple, layout_gridlike, slime_altar_1,
          grunt_megastairs_3
Shoals:1: layout_shoals, uniq_mlioglotl
Shoals:2: layout_shoals, uniq_nikola
Shoals:3: layout_shoals, uniq_ilsuiw, uniq_polyphemus
Shoals:4: shoals_end_grunt_ice, layout_shoals
Snake:1:  layout_layer_cave, minmay_shop_grove, uniq_roxanne
Snake:2:  layout_honeycomb, minmay_shop_star
Snake:3:  layout_grid_maze
Snake:4:  snake_pit, layout_misc_corridors, basic_altar, serial_bayou_shore_b,
          minmay_shoptagon
Orc:1:    layout_caves, serial_shops, nicolae_shop_advertising_works
          [nicolae_subvault_shop_adworks], uniq_maurice, uniq_josephine,
          uniq_jorgrun
Orc:2:    grunt_orc_cross, layout_caves
Elf:1:    eino_elf_arrival_the_gate, layout_gridlike, minmay_elf_demonology,
          uniq_louise, uniq_kirke
Elf:2:    elven_hall_of_blades_hangedman_alternative
          [nicolae_blade_entry_splitting_headache], layout_loops_ring,
          nicolae_elf_hall_of_bonks
Elf:3:    minmay_elf_hall_spiked, layout_geoelf_octagon, serial_shops,
          bzr_entry_customers, uniq_asterion, uniq_donald
Vaults:1: v_rooms_6, vaults_room_ringed_pool, vaults_dpeg_doors,
          grunt_vaults_focal, nicolae_vaults_mini_display_case, v_rooms_1,
          nicolae_vaults_little_squares_2, vaults_dpeg_hooks,
          ontoclasm_vaults_shuriken, ontoclasm_vaults_loading_screen,
          nicolae_vaults_what_the_h, layout_vaults_omnicross
Vaults:2: v_misc_2, v_rooms_6, minmay_crypt_entry_necro_gods,
          nicolae_vaults_little_squares_3, v_misc_22,
          hangedman_vaults_corner_blocks, st_diamondy, vaults_room_boxed,
          v_misc_15, hangedman_vaults_slither, nicolae_vaults_rhombus_5,
          vaults_room_grunt_arrival_checkpoint, vaults_room_semicircle,
          vaults_room_door_ring, layout_vaults_ring
Vaults:3: ontoclasm_vaults_misaligned, nicolae_vaults_big_ls,
          nicolae_vaults_hallways_thing, vaults_room_hallway,
          nicolae_vaults_border_crossing, nicolae_vaults_little_squares_1,
          grunt_vaults_diagonal, hangedman_vaults_hat, v_misc_30,
          dpeg_vaults_monster_box, vaults_dpeg_ring,
          ontoclasm_vaults_decontamination, layout_vaults_omnigrid, uniq_boris
Vaults:4: hangedman_vaults_stitches, v_misc_4, v_alt_pattern_4, v_pattern_3,
          vaults_room_stairs_pillars, nicolae_vaults_three_branches, v_misc_11,
          vaults_room_guarded_vault, ontoclasm_vaults_spin,
          vaults_dpeg_diagonal, layout_vaults_maze_bifur, serial_shops,
          nicolae_shop_bloodbath_and_beyond, uniq_frederick
Vaults:5: serial_shops, uniq_jory
Depths:1: layout_gridlike, rand_demon_pan_entry_1, minmay_misc_feat_nine_boxes,
          hellmouth_1, nicolae_shop_overcharged_wands
Depths:2: hourglass_vault, layout_honeycomb, enter_ziggurat_d,
          rand_demon_pan_entry_7, pf_vacation_house_of_asmodeus, serial_glass,
          glass_columns_b, glass_columns_a, infiniplex_staircase_spiral,
          firewood_loft
Depths:3: minmay_the_grid_square_5x5_3x3 [minmay_the_grid_square_5x5_six,
          minmay_the_grid_square_5x5_spiral_small,
          minmay_the_grid_square_5x5_bite, minmay_the_grid_square_5x5_gyroscope,
          minmay_the_grid_square_5x5_megaprize_checkered,
          minmay_the_grid_square_5x5_minivault, minmay_the_grid_square_5x5_z,
          minmay_the_grid_square_5x5_fancy_junction,
          minmay_the_grid_square_5x5_minibox], layout_gridville,
          abyss_entry_glasseish, grunt_hell_entry_dis_grunt,
          nicolae_qazlal_style_of_elements
Depths:4: grunt_zot_entry_funnels, layout_cave_pools,
          nicolae_trove_entry_crystal, grunt_pan_entry_spiral, hell_entry,
          serial_glass, glass_columns_a, glass_columns_a, glass_columns_b,
          glass_columns_a
Zot:1:    layout_cellular_growth, st_stairs_14
Zot:2:    kennysheep_bubbly, layout_basic, st_single_dragon_hoard_2
Zot:3:    layout_twisted_circle
Zot:4:    layout_concentric_octagons
Zot:5:    layout_gridlike

Skill      XL: |  1  2  3  4  5  6  7  8  9 10 11 12 13 14 15 16 17 18 19 20 21 22 23 24 25 26 |
---------------+-------------------------------------------------------------------------------+-----
Short Blades   | 2 3 4 5 6 7 9 10 | 10.0
Dodging        | 2 3 4 5 6 8 11 13 14 15 16 17 18 19 20 | 20.0
Invocations    | 2 4 6 8 9 12 13 14 15 16 17 18 20 22 | 22.7
Armour         | 1 2 4 5 6 7 8 10 11 12 13 14 15 17 18 | 18.0
Fighting       | 3 4 6 9 10 12 14 15 16 17 18 | 18.2
Stealth        | 4 6 |  6.2
Polearms       | 2 9 12 14 15 16 17 18 20 23 24 | 24.0
Slings         | 3 6 7 8 9 10 11 | 11.9
Throwing       | |  1.7
Shields        | |  0.7

Action                   |  1- 3 |  4- 6 |  7- 9 | 10-12 | 13-15 | 16-18 | 19-21 | 22-24 | 25-27 || total
-------------------------+-------+-------+-------+-------+-------+-------+-------+-------+-------++-------
Melee: Dagger            |    69 |    24 |       |       |       |       |       |       |       ||    93
       Punch             |       |     2 |     4 |     7 |       |       |       |       |       ||    13
       Short sword       |       |    43 |   270 |   359 |       |       |       |       |       ||   672
       Bardiche          |       |       |       |   228 |   698 |   799 |  1107 |  1442 |   524 ||  4798
       Trident           |       |       |       |     3 |    30 |       |       |       |       ||    33
       Kick              |       |       |       |       |    69 |   179 |   305 |   519 |   177 ||  1249
 Fire: Hunting sling     |    10 |    62 |    27 |    99 |    10 |    57 |    49 |    59 |    59 ||   432
Throw: Dart              |    14 |     2 |     1 |       |     9 |    11 |     2 |       |       ||    39
       Stone             |    18 |     1 |       |       |       |       |       |       |       ||    19
Invok: Recall Undead Har |       |     1 |     4 |     9 |     8 |    22 |    19 |    13 |    11 ||    87
       Dark Bargain      |       |       |     1 |     7 |    21 |    13 |    16 |    26 |     7 ||    91
       Bind Soul         |       |       |       |       |     2 |     3 |     4 |     3 |     2 ||    14
       Drain Life        |       |       |       |       |       |       |     4 |     5 |     2 ||    11
Evoke: Wand              |       |       |     1 |     6 |     4 |       |     2 |     3 |     6 ||    22
       Phantom mirror    |       |       |       |       |       |       |     1 |     1 |     1 ||     3
       Condenser vane    |       |       |       |       |       |       |       |     2 |     1 ||     3
  Use: Scroll            |     2 |     5 |     7 |    10 |    14 |    11 |     5 |     9 |    15 ||    78
       Potion            |       |       |     2 |     6 |       |     5 |       |     8 |    17 ||    38
 Stab: Sleeping          |     1 |     5 |     1 |     9 |    22 |     6 |    27 |    25 |     9 ||   105
       Distracted        |       |       |     2 |     6 |    15 |    20 |    30 |    37 |    17 ||   127
       Invisible         |       |       |     1 |       |       |    10 |       |     3 |       ||    14
       Petrified         |       |       |       |       |     1 |     2 |       |       |       ||     3
       Paralysed         |       |       |       |       |     2 |       |     1 |     1 |       ||     4
       Fleeing           |       |       |       |       |       |     2 |       |     2 |     1 ||     5
       Confused          |       |       |       |       |       |       |       |     7 |       ||     7
Armor: Ring mail         |    22 |    13 |    62 |     1 |       |    64 |   190 |   146 |    45 ||   543
       Scale mail        |       |       |       |   157 |   123 |       |       |       |       ||   280
       Chain mail        |       |       |       |       |    74 |   123 |       |    17 |     9 ||   223
Dodge: Dodged            |    18 |    25 |   130 |   293 |   234 |   417 |   641 |   829 |   231 ||  2818
Block: Other             |       |       |       |       |       |    30 |     2 |       |       ||    32
       Reflection        |       |       |       |       |       |     4 |       |       |       ||     4
